 Dungeon Crawl Stone Soup version 0.31-a0-627-gd65175cf8b (webtiles) character file.

Game seed: 15168588701154849991

11552 Essalna the Fighter (level 11, -3/71 HPs)
             Began as a Deep Elf Conjurer on Aug 25, 2023.
             Was a Believer of Vehumet.
             Killed from afar by Urug (13 damage)
             ... with a bolt of dispelling energy
             ... on level 11 of the Dungeon.
             The game lasted 00:46:09 (16088 turns).

Essalna the Fighter (Deep Elf Conjurer)            Turns: 16088, Time: 00:46:10

Health: -3/71      AC:  5    Str:  2    XL:     11   Next: 50%
Magic:  8/19       EV: 14    Int: 31    God:    Vehumet [**....]
Gold:   264        SH:  5    Dex: 16    Spells: 7/18 levels left

rFire   + . .        C - +6 trident (freeze)
rCold   . . .        D - +0 buckler
rNeg    . . .        I - +1 robe {Will+}
rPois   +            (helmet restricted)
rElec   .            g - +0 cloak
rCorr   .            d - +0 pair of gloves
SInv    .            (no boots)
Will    ++...        G - amulet of magic regeneration
Stlth   ++           j - ring of poison resistance
HPRegen 0.31/turn    n - ring of protection from fire
MPRegen 0.56/turn

%: no passive effects
@: no status effects
A: beak, agile 1, clever 1, inability to drink after injury 1
a: Renounce Religion


You were on level 11 of the Dungeon.
You worshipped Vehumet.
Vehumet was pleased with you.
You visited 2 branches of the dungeon, and saw 12 of its levels.

You collected 714 gold pieces.
You spent 450 gold pieces at shops.

Inventory:

Hand Weapons
 p - a +3 falchion
 C - a +6 trident of freezing (weapon)
Missiles
 u - 9 throwing nets
Armour
 a - a +0 robe
 d - a +0 pair of gloves (worn)
 g - a +0 cloak (worn)
 o - a +0 pair of gloves
 D - a +0 buckler (worn)
 I - a +1 robe of willpower (worn)
 J - the +0 leather armour "Forget-Me-Not" {rPois rC+ rCorr Int+2}
   (You took it off an orc on level 10 of the Dungeon)

   Int+2:     It affects your intelligence (+2).
   rC+:       It protects you from cold.
   rPois:     It protects you from poison rCorr: It protects you from acid and
   corrosion.
Magical Staves
 e - a staff of fire
Jewellery
 i - a ring of flight
 j - a ring of poison resistance (left hand)
 n - a ring of protection from fire (right hand)
 A - an amulet of faith
 G - an amulet of magic regeneration (around neck)
Wands
 q - a wand of roots (14)
 s - a wand of mindburst (9)
 x - a wand of quicksilver (4)
 B - a wand of flame (15)
Scrolls
 c - 3 scrolls of teleportation
 f - 12 scrolls of identify
 m - a scroll of immolation
 r - 3 scrolls of poison
 v - a scroll of vulnerability
 y - a scroll of enchant weapon
 F - 2 scrolls of enchant armour {unknown}
 H - a scroll of revelation {unknown}
 L - a scroll of summoning {unknown}
 M - a scroll of fear
Potions
 b - 2 potions of magic
 h - 2 potions of mutation
 l - 4 potions of enlightenment
 t - a potion of attraction
 w - 4 potions of degeneration
 z - 3 potions of curing
 E - a potion of might
 K - a potion of resistance {unknown}
 N - a potion of brilliance {unknown}


   Skills:
 + Level 9.3 Fighting
 - Level 4.0 Armour
 + Level 6.4 Dodging
 - Level 2.4 Stealth
 - Level 4.0 Shields
 + Level 4.1 Spellcasting
 - Level 9.1 Conjurations
 - Level 5.0 Hexes
 + Level 9.1 Fire Magic


You had 7 spell levels left.
You knew the following spells:

 Your Spells              Type           Power      Damage    Failure   Level
a - Magic Dart            Conj           100%       1d8       1%          1
b - Searing Ray           Conj           100%       2d8       1%          2
c - Fulminant Prism       Conj/Hex       25%        3d14      7%          4
d - Flame Wave            Conj/Fire      59%        2d14      3%          4

Your spell library contained the following spells:

 Spells                   Type           Power      Damage    Failure   Level
 Inner Flame              Hex/Fire       50%        N/A       1%          3
 Kiss of Death            Conj/Necr      100%       2d13      1%          1
 Scorch                   Fire           100%       2d9       1%          2
 Dazzling Flash           Conj/Hex       100%       N/A       1%          3
 Sticky Flame             Conj/Fire      59%        2d7       3%          4
 Confusing Touch          Hex            37%        N/A       4%          3
 Ignite Poison            Fire/Tmut/Pois 25%        N/A       11%         3
 Sublimation of Blood     Necr           6%         N/A       19%         2
 Wereblood                Tmut           6%         N/A       19%         2
 Iskenderun's Mystic Bla  Conj/Tloc      34%        2d8       19%         4
 Starburst                Conj/Fire      29%        6d9       41%         6
 Animate Dead             Necr           6%         N/A       77%         4
 Dispel Undead            Necr           6%         3d8       77%         4
 Summon Lightning Spire   Summ/Air       6%         N/A       77%         4
 Summon Cactus Giant      Summ           3%         N/A       100%        6
 Haunt                    Necr/Summ      3%         N/A       100%        7
 Summon Hydra             Summ           3%         N/A       100%        7
 Ignition                 Fire           29%        3d9       100%        8
 Infestation              Necr           3%         N/A       100%        8


Dungeon Overview and Level Annotations

Branches:
Dungeon (11/15)            Temple (1/1) D:4            Lair (0/5) D:9
    Orc: D:9-12

Altars:
Ashenzari
Cheibriados
Dithmenos
Elyvilon
Fedhas
Gozag
Hepliaklqana
Kikubaaqudgha
Makhleb
Nemelex Xobeh
Okawaru
Qazlal
Ru
Sif Muna
Trog
Uskayaw
Vehumet
Wu Jian
Xom
Yredelemnul
Zin
The Shining One
Lugonu

Shops:
D:5 *

Annotations:
D:9 2 transporters, 1 runed translucent door, Harold; Mithras's ghost, novice TrSh
D:11 7 runed translucent doors, exclusion: obsidian statue, AdnanSaban's ghost, journeyman GrFi; Urug


Innate Abilities, Weirdness & Mutations

You have a beak for a mouth.
You are agile. (Dex +4, Str/Int -1)
Your mind is acute. (Int +4, Str/Dex -1)
You occasionally lose the ability to drink potions when taking damage.


Message History

Aiming: Fulminant Prism (dangerous; 7% risk of failure)
Press: ? - help, Dir - move target, p - Urug You conjure a prism of explosive energy!
A fulminant prism comes into view.
Your fulminant prism crackles loudly.
Your fulminant prism explodes!
The blast of energy engulfs Urug!
Urug is severely wounded.
Casting: Fulminant Prism (dangerous; 7% risk of failure)
Confirm with . or Enter, or press ? or * to list all spells.
Aiming: Fulminant Prism (dangerous; 7% risk of failure)
Press: ? - help, Dir - move target You conjure a prism of explosive energy!
A fulminant prism comes into view.
Urug zaps a wand.
The bolt of dispelling energy hits you!
Your fulminant prism crackles loudly.
Your fulminant prism explodes!
The blast of energy engulfs Urug.
Urug is severely wounded.
Okay, then.
Aiming: Fastroot
Press: ? - help, Shift-Dir - straight line, f - Urug
Aim: Urug, wielding a +2 double sword of protection, wearing a +0 scale mail, quivering silver javelins and carrying a wand of quicksilver (severely wounded)
The roots erupt in riotous growth!
Roots grab Urug.
The grasping roots constrict Urug, but do no damage.
Urug throws a silver javelin.
The silver javelin pierces through you!!
* * * LOW HITPOINT WARNING * * *
The silver sears you!
* * * LOW HITPOINT WARNING * * *
Aiming: Quicksilver Bolt
Press: ? - help, Shift-Dir - straight line, f/p - Urug
Aim: Urug, wielding a +2 double sword of protection, wearing a +0 scale mail, quivering silver javelins and carrying a wand of quicksilver (severely wounded, constricted by roots, 100% to hit)
The bolt of dispelling energy hits Urug!
Urug is almost dead.
The grasping roots constrict Urug.
The roots release their grip on Urug.
Urug zaps a wand.
The bolt of dispelling energy hits you!
You die...
Urug says, "One more harpy dead."

###..............##.......[......
#....####......##.......)..####
#....# #......##...####...#
#....####......##...####[..#
###..........)...##..........####
....###########..................
....#.........####'##......######
###.#...............#......#.....
#.#.........o.@...#......'.....
#.#...............#......#.....
#.+...............#...[..#.....
#.#.........##....#......#.....
###.#.........#######......#.....
....#.........##....#......#.....
....#.........##....#...##.#.....
....############....'...##.#....#
....############....#...##.#....#


You could see Urug.

Vanquished Creatures
  Erolcha (D:11)
  3 two-headed ogres
  A deep elf pyromancer (D:7)
  Pikel (D:5)
  A komodo dragon (D:9)
  2 trolls
  A hornet (D:9)
  A shadow (D:10)
  10 yaks
  A vampire (D:11)
  A wyvern (D:7)
  2 wraiths (D:11)
  A basilisk (D:11)
  2 vampire mosquitoes (D:11)
  A steam dragon (D:6)
  2 acid dragons
  3 water moccasins
  4 orc warriors
  3 sky beasts
  2 ice beasts
  4 ogres
  3 centaurs
  A phantom (D:4)
  A lemure (D:5)
  2 bullfrogs
  5 kobold brigands
  6 gnoll sergeants
  3 scorpions
  4 wights (D:9)
  4 killer bees (D:11)
  3 howler monkeys
  A crimson imp (D:6)
  7 hounds
  5 orc priests
  2 gnoll boudas (D:7)
  2 iguanas (D:6)
  7 orc wizards
  31 gnolls
  7 adders
  A shadow imp (D:6)
  5 white imps
  3 worms
  4 dart slugs
  35 orcs
  7 bats
  7 endoplasms
  4 giant cockroaches
  8 goblins
  8 hobgoblins
  10 jackals
  35 kobolds
  4 quokkas
  3 ball pythons
  A frilled lizard (D:3)
  7 rats
283 creatures vanquished.

Vanquished Creatures (others)
  55 fulminant prisms
55 creatures vanquished.

Grand Total: 338 creatures vanquished

Notes
Turn   | Place    | Note
-------+----------+-------------------------------------------
     0 | D:1      | Essalna the Deep Elf Conjurer began the quest for the Orb.
     0 | D:1      | Reached XP level 1. HP: 10/10 MP: 6/6
   164 | D:1      | Reached XP level 2. HP: 16/16 MP: 1/8
   267 | D:1      | Reached skill level 1 in Fighting
   652 | D:1      | Reached skill level 5 in Conjurations
   652 | D:1      | Reached XP level 3. HP: 20/20 MP: 5/9
   655 | D:1      | Learned a level 2 spell: Searing Ray
  1392 | D:2      | Found a faded altar of an unknown god.
  1644 | D:2      | Reached XP level 4. HP: 26/26 MP: 2/10
  1884 | D:2      | Learned a level 4 spell: Fulminant Prism
  2528 | D:3      | Reached skill level 1 in Hexes
  2528 | D:3      | Reached XP level 5. HP: 31/31 MP: 7/11
  2575 | D:3      | Found a bloodstained altar of Trog.
  2841 | D:3      | Found a snail-covered altar of Cheibriados.
  3278 | D:3      | Found a shimmering blue altar of Sif Muna.
  3433 | D:4      | Noticed an ogre
  3441 | D:4      | Killed an ogre
  3442 | D:4      | Reached XP level 6. HP: 37/37 MP: 3/12
  3590 | D:4      | Found a staircase to the Ecumenical Temple.
  3649 | Temple   | Entered the Ecumenical Temple
  3797 | D:4      | Found a glowing golden altar of the Shining One.
  4578 | D:4      | Reached XP level 7. HP: 41/41 MP: 9/13
  4747 | D:5      | Entered Level 5 of the Dungeon
  4961 | D:5      | Found a stormy altar of Qazlal.
  5370 | D:5      | Noticed Pikel
  5378 | D:5      | Killed Pikel
  5379 | D:5      | Reached skill level 5 in Fighting
  5379 | D:5      | Reached XP level 8. HP: 50/50 MP: 6/14
  5517 | D:5      | Found Rosuus's Neck Hole.
  5740 | D:5      | Reached skill level 1 in Fire Magic
  6727 | D:6      | Found a burning altar of Makhleb.
  7313 | D:6      | Reached XP level 9. HP: 31/56 MP: 0/15
  7452 | D:6      | Found a radiant altar of Vehumet.
  7581 | D:6      | Became a worshipper of Vehumet
  8325 | D:7      | Reached skill level 5 in Fire Magic
  8434 | D:7      | Noticed a troll
  8443 | D:7      | Killed a troll
  8630 | D:8      | Reached * piety under Vehumet
  8630 | D:8      | Offered knowledge of Foxfire by Vehumet.
  8984 | D:7      | Reached skill level 1 in Shields
  9388 | D:8      | Found a sacrificial altar of Ru.
 10188 | D:8      | Noticed a two-headed ogre
 10214 | D:8      | Killed a two-headed ogre
 10215 | D:8      | Reached XP level 10. HP: 49/64 MP: 2/16
 11273 | D:7      | Reached skill level 1 in Armour
 11465 | D:7      | Offered knowledge of Scorch by Vehumet.
 11540 | D:7      | Gained mutation: You are agile. (Dex +4, Str/Int -1)
                  | [potion of mutation]
 11540 | D:7      | Gained mutation: You have sharp toenails. [potion of
                  | mutation]
 11540 | D:7      | Gained mutation: You have a pair of small horns on your
                  | head. [potion of mutation]
 11541 | D:7      | Lost mutation: You have a pair of small horns on your head.
                  | [potion of mutation]
 11541 | D:7      | Lost mutation: You have sharp toenails. [potion of
                  | mutation]
 11541 | D:7      | Gained mutation: You have a beak for a mouth. [potion of
                  | mutation]
 11541 | D:7      | Gained mutation: Your mind is acute. (Int +4, Str/Dex -1)
                  | [potion of mutation]
 11541 | D:7      | Gained mutation: You occasionally lose the ability to drink
                  | potions when taking damage. [potion of mutation]
 11635 | D:7      | Reached ** piety under Vehumet
 12216 | D:7      | Found a sparkling altar of Nemelex Xobeh.
 12217 | D:7      | Found an opulent altar of Gozag.
 12355 | D:7      | Noticed a deep elf pyromancer
 12359 | D:7      | Killed a deep elf pyromancer
 12497 | D:9      | Noticed a two-headed ogre
 12691 | D:9      | Found a transporter.
 12794 | D:5      | Bought an amulet of magic regeneration for 450 gold pieces
 12887 | D:9      | Noticed Harold
 12992 | D:9      | Learned a level 4 spell: Flame Wave
 13075 | D:9      | Found a runed translucent door.
 13075 | D:9      | Noticed Mithras's ghost (novice TrSh)
 13084 | D:9      | You fall into a shaft and drop 2 floors!
 13286 | D:10     | Entered Level 10 of the Dungeon
 13324 | D:10     | Reached skill level 5 in Dodging
 13340 | D:10     | Identified the +0 leather armour "Forget-Me-Not" {rPois rC+
                  | rCorr Int+2}
 13434 | D:10     | Reached XP level 11. HP: 35/69 MP: 17/17
 13564 | D:11     | Found a runed translucent gate.
 13564 | D:11     | Found a runed translucent gate.
 13564 | D:11     | Found a runed translucent gate.
 13566 | D:11     | Found an opulent altar of Gozag.
 13566 | D:11     | Noticed a skeletal warrior
 13567 | D:11     | Noticed an obsidian statue
 13567 | D:11     | Noticed a boulder beetle
 13570 | D:11     | Noticed a five-headed hydra
 13570 | D:11     | Noticed AdnanSaban's ghost (journeyman GrFi)
 13645 | D:11     | Noticed Urug
 13662 | D:11     | Noticed Erolcha
 13823 | D:10     | Found a broken altar of Ashenzari.
 14114 | D:9      | Killed a two-headed ogre
 14114 | D:9      | Offered knowledge of Inner Flame by Vehumet.
 14443 | D:9      | Found a blossoming altar of Fedhas.
 14449 | D:9      | Found a basalt altar of Yredelemnul.
 14500 | D:9      | Noticed a white ugly thing
 14501 | D:9      | Found a transporter.
 14504 | D:9      | Found a corrupted altar of Lugonu.
 14505 | D:9      | Noticed a white ugly thing
 14645 | D:9      | Found a staircase to the Lair.
 14713 | D:9      | Reached skill level 5 in Hexes
 14872 | D:10     | Got the Discourse on Charred Thunder
 14919 | D:10     | Noticed a two-headed ogre
 14927 | D:10     | Killed a two-headed ogre
 15437 | D:11     | Found a runed translucent door.
 15450 | D:11     | Found a runed translucent door.
 15567 | D:11     | Found a runed translucent door.
 15580 | D:11     | Found a runed translucent door.
 15746 | D:11     | Killed Erolcha
 15746 | D:11     | Reached *** piety under Vehumet
 15796 | D:11     | Noticed a four-headed hydra
 16088 | D:11     | Killed from afar by Urug

Illustrated notes

Levels and vault maps discovered:
D:1:      reono_arrival_mine, layout_loops_ring
D:2:      layout_basic, hellmonk_ecumenical_altar_dog_temple
D:3:      layout_basic, nzn_overflow_gifts_of_might_and_magic,
          mainiacjoe_overflow_alcove_1
D:4:      layout_cave_pods, nicolae_tso_swordbearing_angel, temple_pool_b,
          kennysheep_generic_room_2
D:5:      layout_gridville, nicolae_qazlal_beasts_of_the_sky,
          nicolae_shop_sticking_my_neck_out, uniq_pikel
D:6:      layout_loops_ring, mainiacjoe_overflow_paths, makhleb_grotto_becter,
          serial_aquarium, aquarium_bridge_straight [aquarium_subvault_bridge,
          aquarium_subvault_window, aquarium_subvault_bridge,
          aquarium_subvault_window], aquarium_bridge_straight
          [aquarium_subvault_bridge, aquarium_subvault_wall,
          aquarium_subvault_bridge, aquarium_subvault_wall], aquarium_window_2,
          aquarium_window_corner, aquarium_window_2, aquarium_view_2f,
          aquarium_balcony_5b, serial_park_tiny_1
D:7:      layout_cave_pools, grunt_temple_overflow_opulence, serial_gnoll_camp,
          gnoll_camp_mini_sergeant, gnoll_camp_medium_02, gnoll_camp_mini_house,
          gnoll_camp_mini_hut, guppyfry_early_elven_hall
D:8:      layout_gridville, mainiacjoe_overflow_concentric_impassable,
          minmay_misc_feat_plants
D:9:      gammafunk_corrupted_shrine, layout_stronghold,
          grunt_temple_overflow_open, david_lair_shrubbed,
          hellmonk_ghost_happy_afterlife, uniq_harold
D:10:     layout_basic, ashenzari_altar_1, minivault_1
D:11:     layout_stronghold, ebering_ghost_gozag, minmay_misc_feat_ornament,
          minmay_statue_crystal_thing, uniq_erolcha, uniq_urug, uniq_sonja
Temple:   hellmonk_temple_forest_ring

Skill      XL: |  1  2  3  4  5  6  7  8  9 10 11 |
---------------+----------------------------------+-----
Fighting       | 1 2 3 5 6 8 9 |  9.3
Conjurations   | 5 6 8 9 |  9.1
Hexes          | 1 2 4 5 |  5.0
Fire Magic     | 3 7 8 9 |  9.1
Shields        | 2 4 |  4.0
Dodging        | 5 6 |  6.4
Armour         | 2 4 |  4.0
Spellcasting   | 4 |  4.1
Stealth        | |  2.4

Action                     |  1- 3 |  4- 6 |  7- 9 | 10-12 || total
---------------------------+-------+-------+-------+-------++-------
  Melee: Staff             |       |     9 |       |       ||     9
         Trident           |       |       |     5 |    12 ||    17
         Peck              |       |       |       |     2 ||     2
   Cast: Magic Dart        |    84 |   137 |   167 |   117 ||   505
         Searing Ray       |     1 |     6 |    48 |    50 ||   105
         Fulminant Prism   |       |       |     7 |    48 ||    55
         Flame Wave        |       |       |       |     3 ||     3
  Evoke: Wand              |       |       |     5 |     6 ||    11
    Use: Scroll            |       |     5 |     1 |     8 ||    14
         Potion            |       |       |     1 |     3 ||     4
 Armour: Robe              |     2 |     2 |    23 |    18 ||    45
  Dodge: Dodged            |     3 |    13 |    63 |    59 ||   138
  Block: Buckler           |       |       |     6 |    22 ||    28

Table legend: (Time is in decaauts)
 A = Elapsed time spent in this place.
 B = Non-inter-level travel time spent in this place.
 C = Inter-level travel time spent in this place.
 D = Time resting spent in this place.
 E = Time spent auto-exploring this place.
 F = Levels seen in this place.
 G = Mean time per level.
                   A        B        C        D        E       F      G
               +--------+--------+--------+--------+--------+-----+--------+
         Total |  16122 |  15010 |   1112 |    829 |  12206 |  12 | 1343.5 |
       Dungeon |  16110 |  15008 |   1102 |    829 |  12206 |  11 | 1464.5 |
        Temple |     11 |      1 |     10 |      0 |      0 |   1 |   11.0 |
               +--------+--------+--------+--------+--------+-----+--------+

Top non-repeatable levels by time:
     D:8: 2348 daAuts
     D:7: 2161 daAuts
     D:6: 1804 daAuts
     D:4: 1574 daAuts
     D:5: 1445 daAuts
     D:2: 1263 daAuts
     D:1: 1201 daAuts
     D:9: 1139 daAuts
    D:10: 1098 daAuts
    D:11: 1094 daAuts
     D:3: 979 daAuts
  Temple: 11 daAuts
